[Event "Titled Tuesday Blitz April 05 Late 2022"]
[White "Iskusnyh, Sergei"]
[Black "Hamidi, Amir Mohammad"]
[WhiteFideId "4120027"]
[BlackFideId "12563285"]
[WhiteElo "2492"]
[BlackElo "2273"]
[Result "0-1"]
[Round "06"]
[TimeControl "180+1"]
[Date "2022.04.05"]
[WhiteClock "0:00:01"]
[BlackClock "0:02:12"]

1. d4 Nf6 2. c4 g6 3. g3 Bg7 4. Bg2 O-O 5. Nc3 d6 6. Nf3 Nbd7 7. O-O e5 8. e4 exd4 9. Nxd4 Re8 10. h3 Nc5 11. Qc2 a5 12. Ndb5 c6 13. Na3 Nfd7 14. Bf4 Ne5 15. Rad1 Qc7 16. Be3 Be6 17. b3 Bc8 18. Nab5 cxb5 19. Nxb5 Qe7 20. Nxd6 Ne6 21. f4 Nc6 22. Nxe8 Qxe8 23. e5 Bd7 24. Kh2 Nb4 25. Qd2 Bc6 26. Bb6 Bf8 27. a3 Bxg2 28. Qxg2 Nc6 29. Qb2 Ng7 30. Rd5 h5 31. h4 Nf5 32. Rfd1 Nh6 33. Kg2 Qe6 34. Bc5 Qg4 35. Bxf8 Rxf8 36. Kh2 Nf5 37. R5d3 Nxg3 38. Qg2 Qxh4+ 39. Qh3 Qxh3+ 40. Kxh3 Nf5 41. Rd7 Rb8 42. Rc7 Nd8 43. Rdd7 Ng7 44. b4 Nge6 0-1


[Site "https://www.chess.com"]

[Event "Titled Tuesday Blitz April 05 Late 2022"]
[White "Jobava, Baadur"]
[Black "Kosakowski, Jakub"]
[WhiteFideId "13601520"]
[BlackFideId "1185080"]
[WhiteElo "2617"]
[BlackElo "2454"]
[Result "1-0"]
[Round "06"]
[TimeControl "180+1"]
[Date "2022.04.05"]
[WhiteClock "0:00:39"]
[BlackClock "0:00:04"]

1. b3 g6 2. Bb2 Nf6 3. Bxf6 exf6 4. c4 d5 5. cxd5 Qxd5 6. Nc3 Qa5 7. a3 c6 8. b4 Qd8 9. e3 a5 10. b5 Bg7 11. bxc6 bxc6 12. Bc4 O-O 13. Nge2 Nd7 14. d4 f5 15. O-O c5 16. Rc1 cxd4 17. Nxd4 Bb7 18. Bd5 Bxd5 19. Nxd5 Ne5 20. Nc6 Nxc6 21. Rxc6 Re8 22. g3 Rc8 23. Rxc8 Qxc8 24. Qa4 Qa8 25. Rd1 Rd8 26. Ne7+ Kf8 27. Rxd8+ Qxd8 28. Nc6 Qd7 29. Qb5 Bf6 30. a4 h5 31. Nxa5 Qd1+ 32. Kg2 h4 33. Nc6 Kg7 34. a5 Bc3 35. a6 Be1 36. Nd4 h3+ 37. Kxh3 Bxf2 38. Nxf5+ gxf5 39. Qb2+ Kg6 40. Qxf2 Qa4 41. Qe2 f6 42. Kg2 Qe4+ 43. Kf2 Qa4 44. h3 Qa1 45. g4 Qa4 46. gxf5+ Kf7 47. Qh5+ Ke7 48. a7 Kd6 49. Qf7 1-0


[Site "https://www.chess.com"]

[Event "Titled Tuesday Blitz April 05 Late 2022"]
[White "Jumabayev, Rinat"]
[Black "Dubov, Daniil"]
[WhiteFideId "13702661"]
[BlackFideId "24126055"]
[WhiteElo "2561"]
[BlackElo "2791"]
[Result "1/2-1/2"]
[Round "06"]
[TimeControl "180+1"]
[Date "2022.04.05"]
[WhiteClock "0:00:06"]
[BlackClock "0:00:06"]

1. d4 Nf6 2. Bf4 d5 3. e3 g6 4. Nf3 Bg7 5. h3 O-O 6. Bd3 c5 7. c3 Nc6 8. Nbd2 Nd7 9. O-O e5 10. dxe5 Ndxe5 11. Bb5 Qb6 12. Qb3 Na5 13. Qa4 a6 14. Bxe5 axb5 15. Qf4 f6 16. Bd6 g5 17. Qg3 Re8 18. Nb3 Nxb3 19. axb3 Ra6 20. Rxa6 bxa6 21. b4 c4 22. Nd4 h5 23. Bc5 Qb7 24. Qd6 Qd7 25. Qxd7 Bxd7 26. Ra1 Bc8 27. Nc6 Kf7 28. Rd1 Bd7 29. Nd4 Ra8 30. Ra1 g4 31. h4 f5 32. g3 Bxd4 33. Bxd4 Bc6 34. f3 gxf3 35. Kf2 Bb7 36. Kxf3 Rg8 37. Kf2 Ke6 38. Bb6 Rg4 39. Bd4 Rg8 40. Re1 Rg4 41. Bb6 Rg8 42. Bc7 Rg4 43. Bf4 Rg8 44. Rd1 Rg6 45. Rd4 Rg8 46. Kf3 Rg4 47. Kf2 Rg8 48. Bg5 Rg6 49. Kf3 Ke5 50. Kf2 Ke6 51. Rd1 Ke5 52. Ra1 Ke4 53. Ke2 Ke5 54. Rd1 Ke6 55. Bf4 Rg8 56. Kf2 Rg6 57. Ke2 Rg8 58. Kf2 1/2-1/2


[Site "https://www.chess.com"]

[Event "Titled Tuesday Blitz April 05 Late 2022"]
[White "Kamsky, Gata"]
[Black "Jacobson, Brandon"]
[WhiteFideId "2000024"]
[BlackFideId "30901561"]
[WhiteElo "2645"]
[BlackElo "2362"]
[Result "1/2-1/2"]
[Round "06"]
[TimeControl "180+1"]
[Date "2022.04.05"]
[WhiteClock "0:00:24"]
[BlackClock "0:00:13"]

1. e4 c5 2. Nf3 d6 3. d4 cxd4 4. Qxd4 Nf6 5. Bb5+ Bd7 6. Bxd7+ Qxd7 7. O-O Nc6 8. Qd3 g6 9. c4 Bg7 10. Nc3 O-O 11. Bd2 Rac8 12. b3 a6 13. Rac1 Rfd8 14. Rfd1 Ng4 15. Nd5 Nge5 16. Qe2 Qg4 17. h3 Nxf3+ 18. Qxf3 Qxf3 19. gxf3 e6 20. Nb6 Rc7 21. Be3 Kf8 22. Kg2 Ke7 23. Rd2 Ne5 24. Rcd1 Nc6 25. Bg5+ f6 26. Bf4 Ne5 27. Be3 Nf7 28. b4 Ke8 29. c5 dxc5 30. Bxc5 Rxd2 31. Rxd2 Bf8 32. Bxf8 Kxf8 33. f4 Ke7 34. a4 Nd6 35. f3 Rc3 36. a5 Rc7 37. h4 Nc4 38. Nxc4 Rxc4 39. Rb2 f5 40. exf5 exf5 41. Kg3 Kd7 42. b5 Kc7 43. bxa6 bxa6 44. h5 Ra4 45. hxg6 hxg6 46. Rb6 Rxa5 47. Rxg6 Ra4 48. Rf6 Ra5 49. Kh4 Ra3 50. Kg5 Rxf3 51. Rxa6 Kd7 52. Kxf5 Ke7 53. Ra7+ Kf8 54. Kg5 Rb3 55. f5 Rb6 56. Rh7 Ra6 57. Rd7 Rb6 58. Kf4 Ra6 59. Ke5 Rb6 60. Rc7 Ra6 61. Rd7 Rb6 62. f6 Rb1 63. Rd8+ Kf7 64. Rd7+ Kf8 65. f7 Re1+ 66. Kf6 Rf1+ 67. Ke6 Re1+ 68. Kf6 Rf1+ 69. Ke6 Re1+ 70. Kf6 1/2-1/2


[Site "https://www.chess.com"]

[Event "Titled Tuesday Blitz April 05 Late 2022"]
[White "Keymer, Vincent"]
[Black "Abdyzhapar, Asylbek"]
[WhiteFideId "12940690"]
[BlackFideId "13800337"]
[WhiteElo "2557"]
[BlackElo "2331"]
[Result "1/2-1/2"]
[Round "06"]
[TimeControl "180+1"]
[Date "2022.04.05"]
[WhiteClock "0:00:15"]
[BlackClock "0:00:18"]

1. Nf3 Nf6 2. c4 g6 3. Nc3 Bg7 4. g3 O-O 5. Bg2 d6 6. d4 Nc6 7. O-O a6 8. b3 Rb8 9. d5 Na7 10. Bg5 c5 11. a4 Qc7 12. a5 b5 13. axb6 Rxb6 14. Ra3 Bd7 15. h3 Rfb8 16. Qc2 Qc8 17. Kh2 h6 18. Bf4 g5 19. Bd2 g4 20. hxg4 Nxg4+ 21. Kg1 Bf5 22. e4 Bd7 23. Nh4 Qb7 24. Rb1 Ne5 25. Nf5 Bxf5 26. exf5 Nxc4 27. bxc4 Rxb1+ 28. Nxb1 Qxb1+ 29. Qxb1 Rxb1+ 30. Kh2 Nc8 31. Be4 Rb2 32. Be3 Nb6 33. Bd3 Bd4 34. Bxh6 Rxf2+ 35. Kh3 Nd7 36. Rxa6 f6 37. Ra8+ Kh7 38. Bf4 Ne5 39. Be4 Re2 40. Bg2 Nxc4 41. Bf1 Rc2 42. Ra7 Be5 43. Rxe7+ Kg8 44. Bh6 Rc3 45. Kg4 Rxg3+ 46. Kh5 Ne3 47. Bxe3 Rxe3 48. Bb5 Rg3 49. Bd7 Rg5+ 50. Kh4 Kf8 51. Rh7 Bg3+ 52. Kh3 Be5 53. Be6 Rg3+ 54. Kh4 Rg1 55. Rf7+ Ke8 56. Rc7 Rc1 57. Kh5 Rg1 58. Kh4 Kd8 59. Rc8+ Ke7 60. Rc6 Bd4 61. Kh3 Be5 62. Rc7+ Kf8 63. Kh4 Ke8 64. Kh5 Kd8 65. Rc8+ Ke7 66. Rc6 Bd4 67. Kh6 Rg5 68. Rc7+ Kd8 69. Rc8+ Ke7 70. Kh7 Be5 71. Rc7+ Kd8 72. Rc6 Ke8 73. Rc7 Kd8 74. Rd7+ Ke8 75. Rb7 Rg3 76. Rc7 Kd8 77. Rc6 Ke7 78. Kh6 Ke8 79. Kh5 Kd8 80. Rc8+ Ke7 81. Kh4 Rg5 82. Kh3 c4 83. Rxc4 Rg3+ 84. Kh4 Rg5 85. Rc7+ Kd8 86. Rb7 Ke8 87. Rb8+ Ke7 88. Ra8 Rg1 89. Kh5 Rg5+ 90. Kh6 Bf4 91. Kh7 Rg3 92. Ra4 Be5 93. Kh6 Rg5 94. Rc4 Ke8 95. Rc7 Kd8 96. Rb7 Ke8 97. Kh7 Kd8 98. Ra7 Ke8 99. Bf7+ Kd8 100. Bg6 Rg4 101. Kg7 Rd4 102. Bf7 Rf4 103. Be6 Rh4 104. Rd7+ Ke8 105. Rb7 Kd8 106. Kf8 Rh8+ 107. Bg8 Rh5 108. Ra7 Kc8 109. Be6+ Kb8 110. Rd7 Rh8+ 111. Kg7 Rh4 112. Rf7 Ka8 113. Kf8 Kb8 114. Ke7 Rb4 115. Rf8+ Kc7 116. Rc8+ Kb6 117. Rd8 Kc5 118. Rc8+ Kd4 119. Rc7 Rb6 120. Rd7 Ke4 121. Kf7 Ra6 122. Kg6 Ra2 123. Rb7 Rg2+ 124. Kf7 Rc2 125. Rb4+ Ke3 126. Rb7 Rc5 127. Rd7 Kf4 128. Ke7 Ke4 129. Rxd6 Bxd6+ 130. Kxd6 Rxd5+ 131. Bxd5+ Kxf5 132. Kc5 Ke5 133. Kc4 f5 134. Ba8 f4 135. Kd3 Kf5 136. Bf3 Kg5 137. Ke2 Kh4 138. Be4 Kg5 139. Bf3 Kh4 140. Kf2 Kg5 141. Kg2 Kf5 142. Kh3 Ke5 143. Kg4 Kd4 144. Kxf4 1/2-1/2


[Site "https://www.chess.com"]

[Event "Titled Tuesday Blitz April 05 Late 2022"]
[White "Khanin, Semen"]
[Black "Saldano Dayer, Horacio"]
[WhiteFideId "4111990"]
[BlackFideId "103411"]
[WhiteElo "2442"]
[BlackElo "2419"]
[Result "1-0"]
[Round "06"]
[TimeControl "180+1"]
[Date "2022.04.05"]
[WhiteClock "0:00:45"]
[BlackClock "0:00:09"]

1. e4 d6 2. d4 Nf6 3. Nc3 e5 4. Nf3 Nbd7 5. Bc4 Be7 6. a4 O-O 7. O-O exd4 8. Nxd4 Nc5 9. Re1 a5 10. h3 c6 11. Be3 Nfxe4 12. Nxe4 Nxe4 13. Qf3 d5 14. Bd3 f5 15. c4 f4 16. Bc1 Bc5 17. cxd5 cxd5 18. Bxe4 dxe4 19. Qb3+ Kh8 20. Ne6 Bxe6 21. Qxe6 e3 22. fxe3 f3 23. gxf3 Ra6 24. Qe4 Rg6+ 25. Kf2 Qg5 26. f4 Qg3+ 27. Ke2 Qh2+ 28. Kd3 Rd8+ 29. Kc4 Rc6 30. Kb3 Bb4 31. Rd1 Rdc8 32. Qd3 h6 33. Bd2 Rd6 34. Qf5 Rcd8 35. Bxb4 Rxd1 36. Rxd1 Rxd1 37. Bc3 Qe2 38. Qf8+ 1-0


[Site "https://www.chess.com"]

[Event "Titled Tuesday Blitz April 05 Late 2022"]
[White "Kobalia, Mikhail"]
[Black "Paravyan, David"]
[WhiteFideId "4119150"]
[BlackFideId "4194985"]
[WhiteElo "2667"]
[BlackElo "2569"]
[Result "1/2-1/2"]
[Round "06"]
[TimeControl "180+1"]
[Date "2022.04.05"]
[WhiteClock "0:00:05"]
[BlackClock "0:00:19"]

1. e4 e5 2. Nf3 Nf6 3. Nxe5 d6 4. Nf3 Nxe4 5. d4 d5 6. Bd3 Bd6 7. O-O O-O 8. c4 c6 9. Nc3 Nxc3 10. bxc3 dxc4 11. Bxc4 Bg4 12. h3 Bh5 13. Re1 Nd7 14. Rb1 b5 15. Be2 Bg6 16. Ra1 Re8 17. Bg5 Qc7 18. Nh4 Be4 19. a4 b4 20. cxb4 Bxb4 21. Bd2 a5 22. Bc4 Nb6 23. Bb3 Nd5 24. Bxb4 Nxb4 25. Qg4 Nc2 26. Bxc2 Bxc2 27. Nf5 Bxf5 28. Qxf5 g6 29. Qc5 Rad8 30. Rac1 Rxe1+ 31. Rxe1 Kg7 32. Re7 Qd6 33. Qe5+ Qxe5 34. dxe5 Kf8 35. Rc7 Rd1+ 36. Kh2 Rc1 37. Ra7 Rc5 38. e6 fxe6 39. Rxh7 Rc4 40. Rc7 Rxa4 41. Rxc6 Kf7 42. Kg3 g5 43. Ra6 Kf6 44. Kf3 Kf5 45. g4+ Ke5 46. Kg3 Ra1 47. Ra8 a4 48. Ra5+ Kf6 49. Kg2 a3 50. Kh2 e5 51. Kg2 Ke6 52. Kh2 Kd6 53. Ra6+ Kd5 54. Kg3 Ke4 55. Ra4+ Kd3 56. Ra5 Kc4 57. Kg2 Kb4 58. Rxe5 a2 59. Re2 Kb3 60. Re3+ Kb4 61. Re2 Rg1+ 62. Kxg1 a1=Q+ 63. Kg2 Qa8+ 64. Kg1 Qa1+ 65. Kg2 Qa8+ 66. Kg1 Kc3 67. Re3+ Kd2 68. Rg3 Qc6 69. Re3 Qf6 70. Rg3 Qa1+ 71. Kg2 Qa8+ 72. Kg1 Qe4 73. Re3 Qd5 74. Rg3 Qc5 75. Re3 Qf8 76. Rg3 Qh8 77. Re3 Qb2 78. Rg3 Qb7 79. Re3 Kd1 80. Rg3 Ke2 81. Re3+ Kd2 82. Rg3 Qe4 83. Re3 Qf4 84. Rg3 Kd1 85. Re3 Kc2 86. Rg3 Kd2 87. Re3 Kd1 88. Rg3 Kc2 89. Re3 Kd1 90. Rg3 Ke2 91. Re3+ Kd2 92. Rg3 Qa4 93. Re3 Qa6 94. Rg3 Kd1 95. Re3 Kd2 96. Rg3 Ke1 97. Re3+ Kd2 1/2-1/2


[Site "https://www.chess.com"]

[Event "Titled Tuesday Blitz April 05 Late 2022"]
[White "Koellner, Ruben Gideon"]
[Black "Mekhitarian, Krikor Sevag"]
[WhiteFideId "12993093"]
[BlackFideId "2107660"]
[WhiteElo "2561"]
[BlackElo "2598"]
[Result "0-1"]
[Round "06"]
[TimeControl "180+1"]
[Date "2022.04.05"]
[WhiteClock "0:01:48"]
[BlackClock "0:01:05"]

1. d4 Nf6 2. Bg5 d5 3. e3 c5 4. Bxf6 gxf6 5. dxc5 e6 6. c4 dxc4 7. Nd2 c3 8. bxc3 Bxc5 9. Qg4 Bf8 10. Ngf3 f5 11. Qh5 Bg7 12. Bb5+ Nd7 13. O-O O-O 14. Rac1 a6 15. Bxd7 Bxd7 16. e4 Qf6 17. exf5 Qxf5 18. Qxf5 exf5 19. Nd4 Rac8 20. N2f3 Rc5 21. Rfd1 Rfc8 22. Rd3 Be6 23. a3 Bc4 24. Re3 Bh6 25. Rce1 Bxe3 26. fxe3 Be6 27. Ng5 Rxc3 28. Ngxe6 fxe6 29. Nxe6 Re8 30. Nd4 Rcxe3 31. Rb1 Re1+ 32. Rxe1 Rxe1+ 33. Kf2 Ra1 34. Nxf5 Rxa3 35. Nd6 b5 36. g4 b4 37. Nc4 Rc3 38. Nd2 b3 39. Ke2 b2 40. Kd1 Rc1+ 0-1


[Site "https://www.chess.com"]

[Event "Titled Tuesday Blitz April 05 Late 2022"]
[White "Kollars, Dmitrij"]
[Black "Shimanov, Aleksandr"]
[WhiteFideId "12909572"]
[BlackFideId "4198603"]
[WhiteElo "2584"]
[BlackElo "2636"]
[Result "1-0"]
[Round "06"]
[TimeControl "180+1"]
[Date "2022.04.05"]
[WhiteClock "0:00:06"]
[BlackClock "0:00:02"]

1. Nf3 d5 2. e3 Nf6 3. c4 e6 4. Nc3 Bd6 5. b3 a6 6. Bb2 b6 7. cxd5 exd5 8. g3 Bb7 9. Bg2 Nbd7 10. O-O Qe7 11. Qc2 h5 12. Ne2 g6 13. h4 Rg8 14. Nf4 O-O-O 15. Rfc1 Kb8 16. a3 Ne4 17. b4 g5 18. Nxg5 Nxg5 19. hxg5 Qxg5 20. Qh7 h4 21. Nh3 Qe7 22. Qxh4 Qxh4 23. gxh4 d4 24. Ng5 Bxg2 25. Kxg2 f6 26. f4 fxg5 27. hxg5 c5 28. bxc5 bxc5 29. Kf3 Rdf8 30. Rg1 Kc7 31. Rac1 Kd8 32. Ke4 Ke7 33. Rcf1 Rb8 34. Ba1 Rb3 35. exd4 Rxa3 36. f5 cxd4 37. Bxd4 Bc5 38. Re1 Kd6 39. Be3 Ra4+ 40. d4 Re8+ 41. Kf3 Bxd4 42. Bf4+ Ne5+ 43. Bxe5+ Rxe5 44. f6 Rf5+ 45. Kg4 Rf2 46. Rd1 Ke5 47. Rge1+ Be3+ 48. Kh5 Re4 49. Kg6 Rh2 50. f7 Rf2 51. Rf1 Ref4 52. Rxf2 Rxf2 53. Rd8 Bc5 54. Rc8 Kd4 55. Kg7 a5 56. g6 a4 57. Ra8 a3 58. Kg8 Kc4 59. g7 a2 60. Rxa2 Rxa2 61. f8=Q Ra7 62. Qf1+ Kc3 63. Qf3+ Kc4 64. Kh7 Bd4 65. Qf1+ Kc3 66. Qc1+ Kd3 67. Qd1+ Kc3 68. Qe1+ Kd3 69. Qf1+ Kc3 70. Qf3+ Kc4 71. Qe2+ Kc3 72. Kg6 Rxg7+ 73. Kf5 Ra7 74. Ke6 Bc5 75. Kd5 Ra5 76. Qe1+ 1-0


[Site "https://www.chess.com"]

[Event "Titled Tuesday Blitz April 05 Late 2022"]
[White "Korchmar, Vasiliy"]
[Black "Ozates, Tuna"]
[WhiteFideId "24131750"]
[BlackFideId "6354521"]
[WhiteElo "2370"]
[BlackElo "1887"]
[Result "1-0"]
[Round "06"]
[TimeControl "180+1"]
[Date "2022.04.05"]
[WhiteClock "0:00:58"]
[BlackClock "0:01:22"]

1. d4 Nf6 2. Bf4 g6 3. Nc3 Bg7 4. e4 d6 5. Qd2 c6 6. Bh6 Bxh6 7. Qxh6 Qa5 8. O-O-O b5 9. e5 dxe5 10. dxe5 Nh5 11. a3 Be6 12. Be2 Nd7 13. Bxh5 gxh5 14. Nf3 c5 15. Ng5 b4 16. Nxe6 bxc3 17. Ng7+ Kf8 18. Nxh5+ Ke8 19. Ng7+ Kf8 20. Rxd7 cxb2+ 21. Kb1 Qxa3 22. Nf5+ Ke8 23. Rxe7+ 1-0


[Site "https://www.chess.com"]

[Event "Titled Tuesday Blitz April 05 Late 2022"]
[White "Kostiukov, Alexandr"]
[Black "P., Komal Kishore"]
[WhiteFideId "14108100"]
[BlackFideId "5016703"]
[WhiteElo "2202"]
[BlackElo "2084"]
[Result "1-0"]
[Round "06"]
[TimeControl "180+1"]
[Date "2022.04.06"]
[WhiteClock "0:00:33"]
[BlackClock "0:00:39"]

1. g3 c6 2. Bg2 d5 3. d3 Nf6 4. e4 e5 5. Nc3 Be6 6. Nge2 Nbd7 7. O-O Bd6 8. f4 exf4 9. Nxf4 Bg4 10. Qe1 dxe4 11. Nxe4 Nxe4 12. Qxe4+ Qe7 13. Re1 Nf6 14. Qxe7+ Bxe7 15. Bd2 Kd7 16. d4 Rhe8 17. Nd3 Bd6 18. Ne5+ Bxe5 19. dxe5 Nd5 20. c4 Nc7 21. Bc3 Ne6 22. h3 Bh5 23. g4 Bg6 24. Rad1+ Kc7 25. Ba5+ b6 26. Bc3 Rad8 27. Kf2 Bc2 28. Rxd8 Rxd8 29. h4 Nf4 30. Bf1 Bd3 31. Ke3 Bxf1 32. Rxf1 Ng2+ 33. Ke4 Nxh4 34. Rxf7+ Rd7 35. e6 Rxf7 36. exf7 Ng6 37. Bxg7 Kd6 38. f8=Q+ Nxf8 39. Bxf8+ Ke6 40. b4 1-0


[Site "https://www.chess.com"]

[Event "Titled Tuesday Blitz April 05 Late 2022"]
[White "Kozin, Yuri"]
[Black "Kujawski, Adam"]
[WhiteFideId "4129920"]
[BlackFideId "1100920"]
[WhiteElo "2532"]
[BlackElo "2338"]
[Result "0-1"]
[Round "06"]
[TimeControl "180+1"]
[Date "2022.04.06"]
[WhiteClock "0:00:39"]
[BlackClock "0:00:20"]

1. e4 e5 2. Nf3 Nc6 3. Bb5 a6 4. Ba4 Nf6 5. O-O Be7 6. Re1 b5 7. Bb3 d6 8. c3 O-O 9. h3 Nb8 10. a4 Bb7 11. d3 Nbd7 12. Na3 Nc5 13. Bc2 Ne6 14. Bd2 Qd7 15. d4 exd4 16. cxd4 c5 17. d5 Nc7 18. b4 cxb4 19. Bxb4 a5 20. Bd2 b4 21. Nc4 Qd8 22. Bd3 Na6 23. Be3 Nd7 24. Rc1 Nac5 25. Bd4 Re8 26. Bf1 Bf8 27. e5 dxe5 28. Ncxe5 Nxe5 29. Nxe5 Qxd5 30. f3 Nb3 31. Bc4 Qxd4+ 32. Qxd4 Nxd4 33. Bxf7+ Kh8 34. Bxe8 Rxe8 35. Nf7+ Kg8 36. Rxe8 Kxf7 37. Rd8 Ne2+ 38. Kf2 Nxc1 39. Rd7+ Ke6 40. Rxb7 b3 41. Ke3 Bb4 42. Rb6+ Kd5 0-1


[Site "https://www.chess.com"]

[Event "Titled Tuesday Blitz April 05 Late 2022"]
[White "Lashkin, Jegor"]
[Black "Jaferian, Koosha"]
[WhiteFideId "13907808"]
[BlackFideId "12507440"]
[WhiteElo "2368"]
[BlackElo "2030"]
[Result "1-0"]
[Round "06"]
[TimeControl "180+1"]
[Date "2022.04.05"]
[WhiteClock "0:00:21"]
[BlackClock "0:00:41"]

1. Nf3 Nf6 2. b3 d5 3. Bb2 Bf5 4. e3 e6 5. Nh4 Bg6 6. Be2 Nbd7 7. O-O a5 8. a3 c6 9. d3 Be7 10. Nd2 O-O 11. Nxg6 hxg6 12. c4 b5 13. cxb5 cxb5 14. d4 Qb6 15. Bd3 Rfc8 16. Qe2 b4 17. a4 Nf8 18. Rfc1 Bd6 19. h4 Qb7 20. g3 Rxc1+ 21. Rxc1 Rc8 22. Rd1 Rc7 23. e4 dxe4 24. Nxe4 Nxe4 25. Bxe4 Qc8 26. Qb5 Ra7 27. Kg2 Nh7 28. Rc1 Rc7 29. Rc4 Nf6 30. Bf3 Kh7 31. Bc1 Nd7 32. h5 gxh5 33. Qxh5+ Kg8 34. Qb5 Nf6 35. Bg5 Rxc4 36. bxc4 Be7 37. Bf4 Qd8 38. c5 Qxd4 39. c6 Ne8 40. Qb8 Qd8 41. c7 Nxc7 42. Qxc7 Qxc7 43. Bxc7 b3 44. Bxa5 b2 45. Be4 Bc5 46. Bc3 Ba3 47. a5 f6 48. a6 Bc5 49. Bxb2 Kf7 50. Bc1 Ba7 51. Be3 Bb8 52. a7 Bxa7 53. Bxa7 e5 54. g4 g6 55. Bd5+ Ke7 56. Bb8 1-0


[Site "https://www.chess.com"]

[Event "Titled Tuesday Blitz April 05 Late 2022"]
[White "Le Goff, Ronan"]
[Black "VengoDelFuturo"]
[WhiteFideId "612073"]
[WhiteElo "2276"]
[BlackElo "2354"]
[Result "0-1"]
[Round "06"]
[TimeControl "180+1"]
[Date "2022.04.06"]
[WhiteClock "0:01:06"]
[BlackClock "0:00:26"]

1. Nf3 Nf6 2. d4 e6 3. Bf4 d5 4. e3 Bd6 5. Bg3 O-O 6. Nbd2 b6 7. Bd3 c5 8. c3 Ba6 9. Bc2 Nc6 10. a3 Rc8 11. Ne5 Bxe5 12. dxe5 Nd7 13. Bxh7+ Kxh7 14. Qh5+ Kg8 15. Nf3 f6 16. O-O-O Be2 17. Rd2 Bxf3 18. gxf3 Ndxe5 19. Bxe5 fxe5 20. Rg1 Qf6 21. Rg3 d4 22. Rd1 dxc3 23. Rdg1 cxb2+ 24. Kb1 Rc7 25. e4 c4 26. Rg6 Qxf3 27. Qh4 c3 28. Rxg7+ Rxg7 29. Rxg7+ Kxg7 30. Qg5+ Kf7 0-1


[Site "https://www.chess.com"]

[Event "Titled Tuesday Blitz April 05 Late 2022"]
[White "Leiva, Gianmarco"]
[Black "Romanchuk, Viktor"]
[WhiteFideId "3804399"]
[BlackFideId "14109271"]
[WhiteElo "2323"]
[BlackElo "2242"]
[Result "1/2-1/2"]
[Round "06"]
[TimeControl "180+1"]
[Date "2022.04.05"]
[WhiteClock "0:00:04"]
[BlackClock "0:00:18"]

1. e4 e6 2. Qe2 c5 3. g3 Nc6 4. Bg2 g6 5. Nf3 Bg7 6. Nc3 Nge7 7. e5 O-O 8. d3 b6 9. Ne4 Nxe5 10. Nxe5 Bxe5 11. Bh6 Bg7 12. Bxg7 Kxg7 13. Nd6 Nc6 14. h4 h5 15. g4 Rh8 16. g5 f6 17. gxf6+ Qxf6 18. O-O-O Ba6 19. Bxc6 dxc6 20. Ne4 Qe5 21. Kb1 Rhf8 22. Rhg1 c4 23. dxc4 Rad8 24. Rxd8 Rxd8 25. b3 c5 26. f3 Bb7 27. Re1 Bxe4 28. Qxe4 Qxe4 29. Rxe4 Kf6 30. Rf4+ Kg7 31. Re4 Kf6 32. Rf4+ Ke7 33. Kc1 Rf8 34. Rxf8 Kxf8 35. Kd2 Kf7 36. Ke3 Kf6 37. Kf4 e5+ 38. Ke4 Ke6 39. f4 exf4 40. Kxf4 Kf6 41. c3 a5 42. a3 g5+ 43. hxg5+ Kg6 44. b4 a4 45. b5 h4 46. Kg4 h3 47. Kxh3 Kxg5 48. Kg3 Kf5 49. Kf3 Ke5 50. Ke3 Kf5 51. Kf3 Ke5 52. Ke3 Kf5 53. Kf3 1/2-1/2


[Site "https://www.chess.com"]

[Event "Titled Tuesday Blitz April 05 Late 2022"]
[White "Li, Ben"]
[Black "Dimakiling, Oliver"]
[WhiteFideId "2089980"]
[BlackFideId "5202248"]
[WhiteElo "2267"]
[BlackElo "2426"]
[Result "1-0"]
[Round "06"]
[TimeControl "180+1"]
[Date "2022.04.05"]
[WhiteClock "0:01:56"]
[BlackClock "0:01:36"]

1. d4 Nf6 2. c4 d6 3. Nf3 Nbd7 4. Nc3 e5 5. e4 Be7 6. Be2 O-O 7. O-O Re8 8. h3 exd4 9. Nxd4 Bf8 10. Qc2 Nc5 11. f3 a5 12. Be3 c6 13. Rad1 Qc7 14. Qd2 g6 15. Bf4 Ncd7 16. Rfe1 Nh5 17. Bh2 Qb6 18. Kh1 a4 19. f4 Nhf6 20. Bf3 Qb4 21. e5 Nh5 22. Bxh5 gxh5 23. Nf5 Qxc4 24. Nxd6 Bxd6 25. exd6 Rxe1+ 26. Rxe1 Nf8 27. Ne4 Be6 28. Nf6+ Kh8 29. f5 Bxf5 30. Qg5 Bg6 31. Be5 Ne6 32. Ng4+ Kg8 33. Nh6+ Kf8 34. Qe7# 1-0


[Site "https://www.chess.com"]

[Event "Titled Tuesday Blitz April 05 Late 2022"]
[White "Martin Barcelo, Carles"]
[Black "Arnold, Ken"]
[WhiteFideId "24561444"]
[BlackFideId "2056836"]
[WhiteElo "1875"]
[BlackElo "2228"]
[Result "0-1"]
[Round "06"]
[TimeControl "180+1"]
[Date "2022.04.06"]
[WhiteClock "0:00:51"]
[BlackClock "0:01:44"]

1. e4 c6 2. d4 d5 3. exd5 cxd5 4. c3 Nf6 5. h3 Nc6 6. Nf3 Bf5 7. Bf4 e6 8. Be2 Bd6 9. Bxd6 Qxd6 10. O-O O-O 11. Na3 a6 12. Nc2 b5 13. Ne3 Bg6 14. Ng4 Rfb8 15. a3 Na5 16. Nge5 Nc4 17. Qc1 Ne4 18. b4 Nxe5 19. dxe5 Qc7 20. Nd4 Nxc3 21. Bg4 Rc8 22. Nxe6 fxe6 23. Bxe6+ Bf7 24. Bxc8 Ne2+ 25. Kh1 Nxc1 26. Raxc1 Rxc8 27. Rxc7 Rxc7 28. f4 d4 29. f5 d3 30. e6 d2 31. exf7+ Kxf7 32. Kg1 Rc1 33. Kf2 Rxf1+ 34. Kxf1 d1=Q+ 35. Kf2 Qd2+ 36. Kg1 Qe3+ 37. Kh2 Qxa3 38. g4 Qxb4 39. g5 Qf4+ 40. Kg2 Qxg5+ 41. Kh2 Qxf5 42. Kg2 Qd3 43. h4 Qe3 44. h5 h6 45. Kh2 Qg5 46. Kh3 Kf6 47. Kh2 Kf5 48. Kh3 Kf4 49. Kh2 Kf3 50. Kh1 0-1


[Site "https://www.chess.com"]

[Event "Titled Tuesday Blitz April 05 Late 2022"]
[White "Martinez Alcantara, Jose Eduardo"]
[Black "Murzin, Volodar"]
[WhiteFideId "3805662"]
[BlackFideId "44155573"]
[WhiteElo "2690"]
[BlackElo "2585"]
[Result "0-1"]
[Round "06"]
[TimeControl "180+1"]
[Date "2022.04.05"]
[WhiteClock "0:00:05"]
[BlackClock "0:00:04"]

1. e4 c6 2. d4 d5 3. e5 Bf5 4. h4 h5 5. Bd3 Bxd3 6. Qxd3 Qa5+ 7. b4 Qa6 8. e6 Qxd3 9. cxd3 Na6 10. Bd2 f6 11. Nh3 Nc7 12. Nf4 Nh6 13. Nc3 Nf5 14. Nce2 Rd8 15. a4 Rg8 16. Rc1 Rd6 17. Nxh5 Nxe6 18. Be3 Rh8 19. g4 Nxe3 20. fxe3 Rd7 21. Nhg3 Nc7 22. h5 e6 23. Rb1 Bd6 24. Kf2 Kf7 25. Nf4 Rc8 26. Kg2 Na6 27. h6 g5 28. Nfh5 Kg6 29. Rbf1 Rf7 30. e4 Bxg3 31. Kxg3 Nxb4 32. e5 fxe5 33. Rxf7 Kxf7 34. Rf1+ Kg6 35. Rf6+ Kh7 36. dxe5 Nxd3 37. Rxe6 c5 38. Nf6+ Kxh6 39. Nxd5+ Kg7 40. Ne3 Rc6 41. Nf5+ Kf8 42. Re7 c4 43. e6 Ne5 44. Rxb7 Rxe6 45. Rc7 Rc6 46. Re7 c3 47. Rxe5 c2 48. Re1 c1=Q 49. Rxc1 Rxc1 50. Nd4 Kf7 51. Nf3 Kf6 52. Nd2 Ra1 53. Ne4+ Kg6 54. Nc5 Ra3+ 55. Kf2 Rc3 56. Ne6 Rc4 57. a5 Rxg4 58. Nc7 Ra4 59. Ke3 Rxa5 60. Ke4 Rf5 61. Ne8 a5 62. Nd6 Rf4+ 63. Ke3 a4 64. Nb5 Rb4 65. Ke2 Rxb5 0-1


[Site "https://www.chess.com"]

[Event "Titled Tuesday Blitz April 05 Late 2022"]
[White "Melkumyan, Hrant"]
[Black "Smirnov, Pavel"]
[WhiteFideId "13302485"]
[BlackFideId "4123425"]
[WhiteElo "2604"]
[BlackElo "2539"]
[Result "1-0"]
[Round "06"]
[TimeControl "180+1"]
[Date "2022.04.05"]
[WhiteClock "0:00:04"]
[BlackClock "0:00:00"]

1. d4 Nf6 2. c4 e6 3. Nc3 Bb4 4. e3 O-O 5. Bd3 d5 6. Nf3 dxc4 7. Bxc4 c5 8. O-O cxd4 9. exd4 b6 10. Qe2 Nc6 11. Rd1 Na5 12. Bd3 Bb7 13. Bg5 Be7 14. Ne5 Nd5 15. Bd2 Bg5 16. Ne4 Bxd2 17. Qxd2 f6 18. Nf3 Qe7 19. Re1 Nb4 20. Bb1 Rac8 21. Nc3 Nc4 22. Qe2 Ba6 23. d5 Ne5 24. Qe4 Bd3 25. Bxd3 Nbxd3 26. Nxe5 Nxe5 27. dxe6 Rc4 28. Qe3 g5 29. Rad1 Qxe6 30. Nd5 Kh8 31. h3 Rc2 32. Qb3 Qf5 33. Rf1 Rc5 34. Ne3 Qe4 35. Rfe1 Qc6 36. Nd5 Rb5 37. Qa3 Rf7 38. Ne7 Qe6 39. Rd8+ Kg7 40. Rg8+ Kh6 41. Re8 Nf3+ 42. Qxf3 Qxe1+ 43. Kh2 Qe5+ 44. g3 Rxe7 45. Rf8 Kg7 46. Qa8 Qf5 47. Rg8+ Kf7 48. Qf8+ Ke6 49. Qc8+ Ke5 50. Qc3+ Ke6 51. Qc8+ Kd6 52. Rd8+ Rd7 53. Qb8+ Ke7 54. Re8+ Kf7 55. Rf8+ Ke6 56. Re8+ Kd5 57. Qa8+ Kd4 58. Re2 Kd3 59. Qe8 1-0


[Site "https://www.chess.com"]